 Dungeon Crawl Stone Soup version 0.24-a0-203-gf0bc1e94ae (webtiles) character file.

Game seed: 8858133903099087517

104017 Orphidia the Spear-Bearer (level 15, 132/132 HPs)
             Began as a Demigod Necromancer on Mar 28, 2019.
             Quit the game on level 2 of the Orcish Mines.
             The game lasted 01:43:38 (32772 turns).

Orphidia the Spear-Bearer (Demigod Necromancer)    Turns: 32772, Time: 01:43:39

Health: 132/132    AC: 12    Str: 11    XL:     15   Next: 43%
Magic:  32/32      EV: 24    Int: 29    God:
Gold:   985        SH:  0    Dex: 25    Spells: 7/32 levels left

rFire    . . .     SeeInvis +   a - +5 trident
rCold    + . .     Gourm    .   (no shield)
rNeg     + . .     Faith    .   x - +2 leather armour {rC+}
rPois    .         Spirit   +   S - +2 helmet {SInv}
rElec    .         Reflect  .   Q - +0 cloak of the Trilobite {*Contam rN+ Dex+5}
rCorr    .         Harm     .   s - +0 pair of gloves
MR       +....                  h - +1 pair of boots
Stlth    ++........             L - amulet of guardian spirit
HPRegen  0.32/turn              l - +3 ring of slaying
MPRegen  0.23/turn              v - +4 ring of dexterity

@: no status effects
A: high mp 1
a: no special abilities


You were on level 2 of the Orcish Mines.
You were not hungry.

You visited 3 branches of the dungeon, and saw 23 of its levels.
You also visited: Gauntlet and Ice Cave.

You collected 2234 gold pieces.
You spent 1249 gold pieces at shops.


Innate Abilities, Weirdness & Mutations

You have an increased reservoir of magic. (+10% MP)


   Skills:
 - Level 12.0 Fighting
 - Level 14.0 Polearms
 - Level 12.0 Dodging
 - Level 1.7 Stealth
 + Level 9.0 Spellcasting
 + Level 9.0 Necromancy
 - Level 4.2 Air Magic
 - Level 4.0 Earth Magic
 - Level 6.1 Evocations


You had 7 spell levels left.
You knew the following spells:

 Your Spells              Type           Power        Failure   Level  Hunger
b - Blink                 Tloc           N/A          9%          2    None
r - Regeneration          Chrm/Necr      #####.....   2%          3    None
A - Pain                  Necr           ####         1%          1    None
B - Vampiric Draining     Necr           ######....   1%          3    None
C - Animate Dead          Necr           N/A          1%          4    None
D - Mephitic Cloud        Conj/Pois/Air  ###.....     9%          3    None
E - Airstrike             Air            #####.....   10%         4    None
F - Borgnjor's Vile Clut  Necr/Erth      ######....   11%         5    ####...

Your spell library contained the following spells:

 Spells                   Type           Power        Failure   Level  Hunger
 Animate Skeleton         Necr           N/A          1%          1    None
 Shock                    Conj/Air       ####         2%          1    None
 Poisonous Vapours        Pois/Air       ####..       3%          2    None
 Swiftness                Chrm/Air       ####....     3%          2    None
 Beastly Appendage        Tmut           ##....       5%          1    None
 Corona                   Hex            ##.....      5%          1    None
 Magic Dart               Conj           ##..         5%          1    None
 Sting                    Conj/Pois      ##..         5%          1    None
 Static Discharge         Conj/Air       ####....     7%          3    None
 Call Imp                 Summ           ##......     9%          2    None
 Ensorcelled Hibernation  Hex/Ice        ##....       9%          2    None
 Slow                     Hex            ##......     9%          2    None
 Sticks to Snakes         Tmut           ##......     9%          2    None
 Confuse                  Hex            ##......     16%         3    None
 Conjure Flame            Conj/Fire      ##......     16%         3    None
 Dazzling Spray           Conj/Hex       ##....       16%         3    None
 Recall                   Summ/Tloc      N/A          16%         3    None
 Spider Form              Tmut/Pois      ##........   16%         3    None
 Tukima's Dance           Hex            ##......     16%         3    None
 Death Channel            Necr           ######....   21%         6    #####..
 Ice Form                 Ice/Tmut       ##......     47%         4    None
 Olgreb's Toxic Radiance  Pois           ##......     47%         4    None
 Lightning Bolt           Conj/Air       ####......   54%         5    ####...
 Silence                  Hex/Air        ####......   54%         5    ####...
 Simulacrum               Ice/Necr       #####.....   78%         6    #####..
 Blade Hands              Tmut           ##........   83%         5    ####...
 Venom Bolt               Conj/Pois      ##........   83%         5    ####...
 Darkness                 Hex            ##........   100%        6    #####..
 Shadow Creatures         Summ           N/A          100%        6    #####..
 Malign Gateway           Summ/Tloc      ##........   100%        7    #######
 Monstrous Menagerie      Summ           ##........   100%        7    #######
 Summon Greater Demon     Summ           ##........   100%        7    #######
 Summon Horrible Things   Summ           ##........   100%        8    #######

Action                   |  1- 3 |  4- 6 |  7- 9 | 10-12 | 13-15 || total
-------------------------+-------+-------+-------+-------+-------++-------
Melee: Short sword       |    15 |    54 |       |       |       ||    69
       Trident           |       |    62 |   303 |   945 |  1631 ||  2941
Throw: Tomahawk          |       |     8 |     3 |     9 |       ||    20
       Javelin           |       |       |       |     1 |    22 ||    23
 Cast: Pain              |    92 |   142 |    60 |    68 |     1 ||   363
       Vampiric Draining |     1 |    11 |    32 |   117 |    55 ||   216
       Animate Dead      |       |     1 |       |    13 |    47 ||    61
       Regeneration      |       |       |       |    13 |    14 ||    27
       Mephitic Cloud    |       |       |       |     1 |     6 ||     7
       Borgnjor's Vile C |       |       |       |       |    13 ||    13
Evoke: Wand              |       |       |     6 |    28 |    50 ||    84
       Lightning rod     |       |       |       |     4 |    16 ||    20
       Lamp of fire      |       |       |       |     1 |     3 ||     4
  Use: Scroll            |     1 |     9 |     6 |    13 |    11 ||    40
       Potion            |       |       |     2 |     7 |     3 ||    12
 Stab: Sleeping          |     1 |     1 |     9 |     6 |    12 ||    29
       Distracted        |       |     1 |     1 |     1 |    14 ||    17
       Invisible         |       |       |       |    11 |       ||    11
       Betrayed ally     |       |       |       |       |     1 ||     1
       Confused          |       |       |       |       |     7 ||     7
  Eat: Chunk             |     3 |    12 |     7 |    25 |    23 ||    70
       Ration            |       |     1 |     3 |     3 |     6 ||    13
Armor: Robe              |     5 |    37 |    55 |    12 |       ||   109
       Leather armour    |       |       |       |   136 |   168 ||   304
Dodge: Dodged            |    13 |    90 |   128 |   423 |  1019 ||  1673

Inventory:

Hand Weapons
 a - a +5 trident (weapon)
Missiles
 o - 10 javelins of returning (quivered)
Armour
 h - a +1 pair of boots (worn)
 k - the cursed +0 cloak of Ugiacenwoc {rElec MR+ Str+3}
   (You found it in a Gauntlet)

   It affects your strength (+3).
   It insulates you from electricity.
   It affects your resistance to hostile enchantments.
   It has a curse placed upon it.
 s - a +0 pair of gloves (worn)
 x - a +2 leather armour of cold resistance (worn)
 Q - the +0 cloak of the Trilobite (worn) {*Contam rN+ Dex+5}
   (You found it in a Gauntlet)

   It affects your dexterity (+5).
   It protects you from negative energy.
   It causes magical contamination when unequipped.
 S - a +2 helmet of see invisible (worn)
 W - a +1 shield of cold resistance
Magical Staves
 n - an uncursed staff of energy {!a}
Jewellery
 i - an uncursed ring of positive energy
 l - a +3 ring of slaying (left hand)
 q - an uncursed ring of protection from cold
 v - a +4 ring of dexterity (right hand)
 E - an uncursed amulet of magic regeneration
 F - an uncursed ring of wizardry
 H - an uncursed amulet of faith
 L - an amulet of guardian spirit (around neck)
 N - a +4 ring of intelligence
 Z - an uncursed amulet of rage
Wands
 w - a wand of iceblast (5)
 y - a wand of polymorph (7)
 A - a wand of disintegration (14)
 B - a wand of acid (10)
 G - a wand of enslavement (9)
Scrolls
 b - 7 scrolls of identify
 e - 4 scrolls of fog
 f - 5 scrolls of amnesia
 j - 6 scrolls of blinking
 m - 6 scrolls of remove curse
 u - 2 scrolls of magic mapping
 C - 4 scrolls of enchant weapon
 I - 5 scrolls of enchant armour
 R - 4 scrolls of teleportation
 X - a scroll of fear
Potions
 d - 5 potions of brilliance
 g - 6 potions of flight
 p - 2 potions of cancellation
 r - 6 potions of agility
 t - 5 potions of curing
 z - 5 potions of haste
 D - 2 potions of resistance
 J - 2 potions of ambrosia
 M - 3 potions of might
 O - 2 potions of invisibility
 T - 2 potions of magic
 U - 2 potions of heal wounds
 V - 2 potions of mutation
Miscellaneous
 K - a lightning rod (3/4)
 P - a lamp of fire
Comestibles
 c - 38 rations

......###..###....###..#
#....##....##......##..#
##....)....##......##..#
.##.)##)#..#........#..#
.....###)..#........#..# ###
......#.)).#........#..####.##
...........#........#..#.#...#
......##)))#........#..)....##
.....#..#.)))))∩@........#.####
.#.........[)..∩∩........##.#.##
...........#........#..........##
.........).#..).....#.....#....#.
...........#........#......#.....
.#.........#........#.......#^...
...........#........#....#.####.#
...........##......##....#...#.##
...........##......##...#.......#


There were no monsters in sight!

Vanquished Creatures
  Rupert (D:15)
  A frost giant (IceCv)
  A minotaur (Gauntlet)
  An ettin (Orc:1)
  Fannar (D:10)
  An ice dragon (D:15)
  2 vault guards (D:14)
  4 hydras
  19 two-headed ogres
  Erica (D:10)
  5 ogre magi
  4 death yaks (Lair:6)
  A queen ant (D:9)
  A deep elf knight (D:14)
  Nergalle (Lair:1)
  4 unseen horrors
  A wizard (D:15)
  Pikel (D:8)
  An orc knight (D:15)
  2 necromancers
  3 orc sorcerers
  8 ugly things
  A manticore (D:15)
  A moth of wrath (Gauntlet)
  10 elephants
  A cyclops (D:14)
  A centaur zombie (D:14)
  Joseph (D:8)
  A naga mage (D:15)
  3 black mambas
  An ice statue (IceCv)
  A minotaur zombie (Gauntlet)
  9 spiny frogs
  2 kobold demonologists (D:13)
  3 rime drakes
  5 komodo dragons
  2 efreet
  A queen bee (D:14)
  2 trolls
  4 hornets (Lair:6)
  17 polar bears
  A raiju (D:12)
  5 meliai
  A slime creature (D:15)
  Prince Ribbit (D:6)
  19 blink frogs
  6 hippogriffs
  4 redbacks (Gauntlet)
  2 vampires
  2 wraiths
  11 spriggans
  26 yaks
  3 wyverns
  9 humans (D:14)
  2 hungry ghosts
  4 basilisks
  4 vampire mosquitoes (D:14)
  3 nagas (Lair:3)
  9 soldier ants
  An acid dragon (D:11)
  4 wargs
  14 water moccasins
  10 porcupines
  16 orc warriors
  2 slaves (D:7)
  5 ice beasts
  2 black bears
  4 sky beasts
  An eye of draining (D:8)
  3 phantoms
  4 necrophages
  40 wolves
  8 boggarts
  25 ogres
  9 centaurs
  11 crocodiles
  An elf zombie (D:7)
  2 big kobolds
  17 bullfrogs
  2 scorpions
  28 killer bees
  3 electric eels (Lair:4)
  A howler monkey (D:8)
  3 wights (D:7)
  9 crimson imps
  2 human zombies (D:7)
  A quasit (D:10)
  3 bullfrog zombies
  9 hounds
  4 jellies
  Crazy Yiuf (D:5)
  3 bullfrog skeletons
  6 centaur skeletons
  11 orc priests
  A human skeleton (D:7)
  14 orc wizards
  2 iguanas
  25 worker ants
  2 mummies (D:7)
  2 worker ant zombies
  4 gnolls (D:6)
  13 adders
  3 shadow imps
  2 oozes (D:1)
  5 worms
  5 dart slugs
  5 leopard geckos
  71 orcs
  7 bats
  7 giant cockroaches
  9 goblins
  4 hobgoblins
  7 jackals
  3 quokkas
  2 ball pythons
  4 frilled lizards
  15 kobolds
  A leopard gecko skeleton (D:4)
  15 rats
735 creatures vanquished.

Vanquished Creatures (collateral kills)
  Gastronok (Lair:1)
  A rakshasa (D:15)
  6 hydras
  2 two-headed ogres
  A centaur warrior (D:15)
  A death yak (Lair:6)
  2 wizards (D:14)
  An orc knight (D:15)
  A komodo dragon (Lair:6)
  A yaktaur (D:14)
  A tengu conjurer (D:15)
  A meliai (D:13)
  2 hippogriffs
  3 slime creatures (D:15)
  4 polar bears
  6 blink frogs
  2 spriggans (Lair:6)
  2 yaks
  9 humans (D:14)
  A wraith (D:13)
  A warg (Orc:1)
  4 nagas (Lair:3)
  A soldier ant (D:9)
  7 water moccasins
  2 porcupines
  5 ice beasts (Lair:6)
  2 orc warriors (Orc:1)
  2 black bears
  2 wolves
  5 ogres (Orc:2)
  2 crocodiles
  A centaur (D:8)
  An orc priest (Orc:1)
  A worker ant (D:9)
  A worm (D:2)
  3 orcs (Orc:1)
  2 fungi
  A plant (Lair:6)
91 creatures vanquished.

Vanquished Creatures (others)
  3 two-headed ogres
  Psyche (D:9)
  A slime creature (D:15)
  A slave (D:8)
  A black bear (D:10)
  A quokka (D:5)
  5 fungi
  9 plants
  A withered plant (Gauntlet)
23 creatures vanquished.

Grand Total: 849 creatures vanquished

Levels and vault maps discovered:
D:1:      erik_arrival_gehennom, layout_rooms, minmay_split_cup_small
D:2:      layout_loops_corners, chequers_temple_overflow_statue_of_worship,
          tgw_trog, nicolae_tso_swordbearing_angel
D:3:      kennysheep_six_static_rooms, layout_basic,
          chequers_ecumenical_altar_island, minmay_bisected
D:4:      layout_basic, nicolae_overflow_hidden_temple,
          minmay_temple_entry_sparse_star, minmay_shop_enchanted_jewellery
D:5:      layout_cave_pools, fiery_altar_vehumet, first_ration, serial_shops,
          shop, uniq_crazy_yiuf_cottage
D:6:      layout_basic, overflow_temple_1_default, fedhas_ov_isle_minmay,
          chequers_hall_statues_corner_a, uniq_prince_ribbit1
D:7:      layout_loops_corners, lemuel_mausoleum_altar_yredelemnul, the_bakery,
          hangedman_decor_slide_cut, minmay_splitting_lines
D:8:      layout_cave_pools, nicolae_overflow_crystal_walls, uniq_pikel,
          uniq_joseph
D:9:      minmay_evil_eye, layout_basic, lemuel_coloured_pillars_altar,
          elyvilon_altar_3, david_orc_2, minmay_another_anthill, uniq_psyche
D:10:     layout_rooms, david_lair_generic, serial_shops, shop,
          chequers_serial_rivers_large_a, chequers_arboretum,
          serial_bayou_pond_c, uniq_erica, uniq_fannar
D:11:     layout_small_grid, bh_walls_and_bars, uniq_snorg
D:12:     layout_rooms, lemuel_altar_in_water
D:13:     layout_basic, glass_columns_a
D:14:     layout_roguey [special_room_bee], grunt_vaults_entry_tiered,
          gammafunk_ghost_arena, minmay_stone_trees_small, solitary_fountain,
          solitary_fountain
D:15:     grunt_enter_depths_magical_seal, layout_irregular_city,
          minmay_hollow_rounded_squares, uniq_rupert
Lair:1:   layout_regular_city, uniq_gastronok, uniq_nergalle
Lair:2:   layout_hall_layers, elwin_shoals_entry_rocks, beast_lair_carwin_6
Lair:3:   layout_loops_ring, minmay_snake_entry_guardpost_medium
Lair:4:   layout_gridlike, gauntlet_entry_generic, grunt_forest_stairs_clearing
Lair:5:   layout_gridlike, slime_altar_1, grunt_megastairs_5,
          serial_bayou_shore_b, uniq_sonja
Lair:6:   minmay_lair_end_enchanted_forest, layout_loops_ring,
          portal_ice_cave_entry_ice_beasts
Orc:1:    layout_caves
Orc:2:    st_orc_ogre_mass, layout_caves
IceCv:    ice_cave_small_giant
Gauntlet: minmay_gauntlet_77_indecision [minmay_gauntlet_arena_77_two_paths,
          minmay_gauntlet_arena_77_hold_the_fort, minmay_gauntlet_arena_77_path,
          minmay_gauntlet_arena_77_terracotta_army,
          minmay_gauntlet_arena_77_checkered, minmay_gauntlet_arena_77_mess,
          gauntlet_exit_hidden_loot]


Message History

You feel agile.
The +9 great mace of Kismet {venom, +Fly Dex+3} begins to drip with poison!
Y - the +9 great mace of Kismet (weapon)
{venom, +Fly Dex+3} The +9 great mace of Kismet {venom, +Fly Dex+3} stops dripping with poison.
You are now empty-handed.
You drop the +9 great mace of Kismet {venom, +Fly Dex+3}.
Y - a transparent quarterstaff Thank you for shopping at Buecitya's Antique Weapon Emporium!
Wield which item (- for none, * to show all)? (? for menu, Esc to quit)
You sense an unholy aura.
Y - the +8 quarterstaff "Woasuor" (weapon)
{drain, *Slow rPois rF+ Stlth+} You are now empty-handed.
You drop the +8 quarterstaff "Woasuor" {drain, *Slow rPois rF+ Stlth+}.
Wield which item (- for none, * to show all)? (? for menu, Esc to quit)
a - a +5 trident (weapon)
Saving game... please wait.
Welcome back, Orphidia the Demigod Necromancer.
Press ? for a list of commands and other information.
Search for what [? for help]? rp Are you sure you want to abandon this character and quit the game? (Confirm with "yes".)

Notes
Turn   | Place    | Note
-------+----------+-------------------------------------------
     0 | D:1      | Orphidia the Demigod Necromancer began the quest for the
                  | Orb.
     0 | D:1      | Reached XP level 1. HP: 14/14 MP: 5/5
   306 | D:1      | Reached XP level 2. HP: 16/20 MP: 3/7
   773 | D:1      | Reached XP level 3. HP: 19/26 MP: 2/9
  1382 | D:2      | Learned a level 3 spell: Vampiric Draining
  1477 | D:2      | Found a glowing golden altar of the Shining One.
  1478 | D:2      | Found a deep blue altar of Sif Muna.
  1478 | D:2      | Found a sparkling altar of Nemelex Xobeh.
  1478 | D:2      | Found a shadowy altar of Dithmenos.
  1669 | D:2      | You fall through a shaft!
  1830 | D:2      | Reached XP level 4. HP: 25/33 MP: 4/11
  1890 | D:2      | Learned a level 4 spell: Animate Dead
  2215 | D:2      | Noticed a moth of wrath
  2218 | D:2      | Found a bloodstained altar of Trog.
  2816 | D:2      | Found a glowing golden altar of the Shining One.
  3529 | D:3      | Reached XP level 5. HP: 35/38 MP: 10/13
  3691 | D:3      | Reached skill level 5 in Necromancy
  3703 | D:3      | Found a faded altar of an unknown god.
  4335 | D:4      | Found Megirhu's Jewellery Boutique.
  4347 | D:4      | Reached XP level 6. HP: 34/45 MP: 7/15
  5283 | D:4      | Found a staircase to the Ecumenical Temple.
  5386 | D:4      | Found an opulent altar of Gozag.
  5425 | D:5      | Entered Level 5 of the Dungeon
  5448 | D:5      | Found a radiant altar of Vehumet.
  5764 | D:5      | Found Oxyoral's Food Shoppe.
  5801 | D:5      | Reached skill level 5 in Spellcasting
  5801 | D:5      | Reached XP level 7. HP: 39/50 MP: 16/18
  6171 | D:5      | Found a runed translucent door.
  6172 | D:5      | Noticed Crazy Yiuf
  6303 | D:6      | Reached skill level 1 in Evocations
  6773 | D:6      | Noticed Prince Ribbit
  6855 | D:6      | Killed Prince Ribbit
  6922 | D:6      | Found a blossoming altar of Fedhas.
  7178 | D:6      | You fall through a shaft!
  7581 | D:6      | Reached XP level 8. HP: 35/57 MP: 16/20
  7582 | D:6      | Found a hazy altar of Hepliaklqana.
  7931 | D:6      | Found a blossoming altar of Fedhas.
  7939 | D:6      | Found a hazy altar of Hepliaklqana.
  8113 | D:7      | Reached skill level 5 in Evocations
  8336 | D:7      | Learned a level 3 spell: Mephitic Cloud
  8403 | D:7      | Reached skill level 1 in Polearms
  8603 | D:7      | Reached skill level 2 in Polearms
  8843 | D:7      | Reached skill level 3 in Polearms
  9097 | D:7      | Reached skill level 4 in Polearms
  9195 | D:7      | Reached XP level 9. HP: 59/61 MP: 21/21
  9353 | D:7      | Found a basalt altar of Yredelemnul.
  9371 | D:7      | Reached skill level 5 in Polearms
 10043 | D:7      | Reached skill level 6 in Polearms
 10220 | D:8      | Noticed Pikel
 10417 | D:8      | Noticed a two-headed ogre
 10425 | D:8      | Killed a two-headed ogre
 10425 | D:8      | Reached skill level 8 in Polearms
 10474 | D:8      | Killed Pikel
 10568 | D:8      | Noticed Joseph
 10586 | D:8      | Killed Joseph
 10586 | D:8      | Reached skill level 9 in Polearms
 10848 | D:7      | Reached XP level 10. HP: 61/69 MP: 19/23
 11014 | D:8      | Got a transparent iron ring
 11153 | D:8      | Found an ancient bone altar of Kikubaaqudgha.
 11830 | D:9      | Noticed a queen ant
 11847 | D:9      | Reached skill level 10 in Polearms
 12023 | D:9      | Found a white marble altar of Elyvilon.
 12427 | D:9      | Found a staircase to the Orcish Mines.
 12619 | D:9      | Noticed Psyche
 12631 | D:9      | Your ally died
 12707 | D:9      | Found an iron altar of Okawaru.
 13282 | D:9      | Reached skill level 11 in Polearms
 13375 | D:4      | Bought a +3 ring of slaying for 450 gold pieces
 13736 | D:9      | Killed a queen ant
 13745 | D:9      | Learned a level 3 spell: Regeneration
 14160 | D:10     | Entered Level 10 of the Dungeon
 14229 | D:10     | Found a staircase to the Lair.
 14229 | D:10     | Noticed an elephant
 14409 | D:10     | Killed an elephant
 14409 | D:10     | Reached skill level 12 in Polearms
 14654 | D:10     | Found Aneri's Weapon Boutique.
 14769 | D:10     | Reached XP level 11. HP: 72/74 MP: 24/24
 14788 | D:10     | Noticed Fannar
 14891 | D:10     | Identified the ring of Xoug {rN+ Stlth-} (You found it on
                  | level 8 of the Dungeon)
 15010 | D:10     | Killed Fannar
 15082 | D:10     | Noticed Erica
 15100 | D:10     | Killed Erica
 15161 | D:10     | Reached skill level 13 in Polearms
 15612 | D:11     | Noticed Snorg
 16029 | D:11     | Killed an unseen horror
 16985 | D:12     | Reached skill level 14 in Polearms
 17209 | D:12     | Found a burning altar of Makhleb.
 17699 | Lair:1   | Entered Level 1 of the Lair of Beasts
 18055 | Lair:1   | Noticed Gastronok
 18260 | Lair:1   | Noticed a six-headed hydra
 18301 | Lair:1   | Killed Gastronok
 18408 | Lair:1   | Noticed Nergalle
 18431 | Lair:1   | Killed Nergalle
 18431 | Lair:1   | Reached XP level 12. HP: 48/81 MP: 7/25
 18987 | Lair:1   | Killed a six-headed hydra
 19510 | Lair:2   | Noticed a five-headed hydra
 19516 | Lair:2   | Killed a five-headed hydra
 19714 | Lair:2   | Found a staircase to the Shoals.
 20520 | Lair:3   | Noticed an eight-headed hydra
 20532 | Lair:3   | Killed an eight-headed hydra
 20534 | Lair:3   | Reached skill level 10 in Dodging
 20719 | Lair:3   | Found a staircase to the Snake Pit.
 21488 | Lair:4   | Found a gate leading to a gauntlet.
 21497 | Gauntlet | Entered a Gauntlet
 21497 | Gauntlet | Found a transporter.
 21497 | Gauntlet | Found a transporter.
 21573 | Gauntlet | Found a transporter.
 21577 | Gauntlet | Found a transporter.
 21589 | Gauntlet | Found a transporter.
 21589 | Gauntlet | Found a transporter.
 21598 | Gauntlet | Found a transporter.
 21613 | Gauntlet | Found a transporter.
 21627 | Gauntlet | Found a transporter.
 21631 | Gauntlet | Found a transporter.
 21639 | Gauntlet | Found a transporter.
 21643 | Gauntlet | Found a transporter.
 21673 | Gauntlet | Got a translucent cloak
 21684 | Gauntlet | Identified the +0 cloak of the Trilobite {*Contam rN+
                  | Dex+5} (You found it in a Gauntlet)
 21748 | Gauntlet | Found a runed translucent door.
 21837 | Gauntlet | Got a polished cloak
 21838 | Gauntlet | Identified the cursed +0 cloak of Ugiacenwoc {rElec MR+
                  | Str+3} (You found it in a Gauntlet)
 21913 | Gauntlet | Identified the +5 mace "Meryihuhu" {holy, Int+3}
 21913 | Gauntlet | Noticed a minotaur
 21932 | Gauntlet | Killed a minotaur
 21937 | Gauntlet | Found the +4 dagger "Morg" {pain, MR+ Int+5}
 22174 | Lair:4   | Reached XP level 13. HP: 83/86 MP: 24/26
 23213 | Lair:5   | Reached skill level 1 in Fighting
 23488 | Lair:5   | Found a viscous altar of Jiyva.
 23488 | Lair:5   | Found a staircase to the Slime Pits.
 23876 | Lair:5   | Noticed Sonja
 23877 | Lair:5   | Noticed Sonja
 23877 | Lair:5   | Sonja changed into Sonja the unseen horror
 23885 | Lair:5   | Killed Sonja the unseen horror
 24003 | Lair:5   | Reached skill level 5 in Fighting
 24165 | Lair:5   | You fall through a shaft!
 24165 | Lair:6   | Entered Level 6 of the Lair of Beasts
 24363 | Lair:6   | Found a frozen archway.
 24375 | IceCv    | Entered an ice cave
 25464 | IceCv    | Noticed a frost giant
 25490 | IceCv    | Killed a frost giant
 26070 | Lair:6   | Reached skill level 10 in Fighting
 26071 | Lair:6   | Reached XP level 14. HP: 95/121 MP: 27/27
 26801 | Lair:6   | Paralysed by a hornet for 2 turns
 27347 | D:5      | Killed Crazy Yiuf
 27571 | D:13     | Learned a level 2 spell: Blink
 28235 | D:14     | Found a transporter.
 28361 | D:14     | Found a transporter.
 28361 | D:14     | Noticed dricus's ghost (journeyman DECj)
 28433 | D:14     | Learned a level 4 spell: Airstrike
 28518 | D:14     | Reached skill level 1 in Air Magic
 28765 | D:14     | Learned a level 5 spell: Borgnjor's Vile Clutch
 28771 | D:14     | Identified the +5 ring mail "Beulod" {Regen+ rCorr}
 29227 | D:14     | Found a gate to the Vaults.
 29531 | D:15     | Entered Level 15 of the Dungeon
 29930 | D:15     | Noticed Rupert
 29940 | D:15     | Found a staircase to the Depths.
 30056 | D:15     | Killed Rupert
 30338 | D:15     | Reached XP level 15. HP: 113/132 MP: 19/31
 31246 | Orc:1    | Entered Level 1 of the Orcish Mines
 31867 | Orc:2    | Entered Level 2 of the Orcish Mines
 31961 | Orc:2    | Found a staircase to the Elven Halls.
 32225 | Orc:2    | Reached skill level 1 in Earth Magic
 32287 | Orc:2    | Found Huink's Gadget Emporium.
 32288 | Orc:2    | Found Imiyrip's Weapon Boutique.
 32288 | Orc:2    | Found Buecitya's Antique Weapon Emporium.
 32288 | Orc:2    | Found Makuipha's Food Shop.
 32767 | Orc:2    | Bought a twisted great mace for 448 gold pieces
 32767 | Orc:2    | Identified the +9 great mace of Kismet {venom, +Fly Dex+3}
                  | (You bought it in a shop on level 2 of the Orcish Mines)
 32769 | Orc:2    | Bought a transparent quarterstaff for 351 gold pieces
 32769 | Orc:2    | Identified the +8 quarterstaff "Woasuor" {drain, *Slow
                  | rPois rF+ Stlth+} (You bought it in a shop on level 2 of
                  | the Orcish Mines)
 32772 | Orc:2    | Quit the game
